[Event "Titled Tuesday Blitz June 20 Late 2023"]
[White "Florianovitz, Derlei Alex"]
[Black "Doknjas, Neil"]
[WhiteFideId "2114178"]
[BlackFideId "2617587"]
[WhiteElo "1953"]
[BlackElo "2152"]
[Result "1-0"]
[Round "6"]
[TimeControl "180+2"]
[Date "2023.06.20"]
[WhiteClock "0:00:03"]
[BlackClock "0:00:06"]
[Board "123"]

1. e4 c6 2. d4 d5 3. exd5 cxd5 4. c4 Nf6 5. Nc3 g6 6. Bf4 Bg7 7. h3 O-O 8. Nf3 Nc6 9. c5 Ne4 10. Bb5 Qa5 11. Bxc6 bxc6 12. O-O Nxc3 13. Qd2 Ba6 14. Rfe1 e6 15. bxc3 Qa4 16. Bh6 Rfe8 17. Bxg7 Kxg7 18. Qf4 Qc2 19. Re3 Rac8 20. h4 Qf5 21. Qg3 Bc4 22. Re5 Qd3 23. h5 f6 24. Re3 Qf5 25. hxg6 hxg6 26. Rae1 Kf7 27. Qd6 Red8 28. Qxe6+ Qxe6 29. Rxe6 Re8 30. Rxe8 Rxe8 31. Rxe8 Kxe8 32. a3 Kd7 33. g4 Be2 34. Nh4 g5 35. Nf5 Bxg4 36. Nd6 Be2 37. Kg2 Bd3 38. Kg3 Ke6 39. f4 gxf4+ 40. Kxf4 f5 41. Nc8 a6 42. Nd6 Kf6 43. Ne8+ Kg6 44. Nd6 Kf6 45. Ne8+ Ke6 46. Nd6 a5 47. Nb7 a4 48. Nd6 Kf6 49. Ne8+ Kg6 50. Nd6 Be4 51. Nb7 Bd3 52. Na5 Bb5 53. Nb7 Kh5 54. Nd6 Kh4 55. Nxb5 cxb5 56. c6 Kh3 57. c7 Kh4 58. c8=Q b4 59. Qh8# 1-0


[Site "https://www.chess.com"]

[Event "Titled Tuesday Blitz June 20 Late 2023"]
[White "Yurasova, Daria"]
[Black "Quirke, Jeffrey"]
[WhiteFideId "34146919"]
[BlackFideId "2013029"]
[WhiteElo "2109"]
[BlackElo "2218"]
[Result "0-1"]
[Round "6"]
[TimeControl "180+2"]
[Date "2023.06.20"]
[WhiteClock "0:00:02"]
[BlackClock "0:00:11"]
[Board "124"]

1. e4 e6 2. d4 d5 3. Nd2 dxe4 4. Nxe4 Bd7 5. Bd3 Bc6 6. c3 Nd7 7. Nf3 Ngf6 8. Ng3 g6 9. O-O Bg7 10. Bg5 O-O 11. Qd2 Bxf3 12. gxf3 c5 13. Ne4 Qc7 14. dxc5 Nxe4 15. fxe4 Nxc5 16. Qe2 Nxd3 17. Qxd3 h6 18. Bh4 Be5 19. Bg3 Rad8 20. Qe3 Kg7 21. Kg2 b6 22. Rad1 g5 23. Qf3 f6 24. Rfe1 Qc4 25. Bxe5 fxe5 26. Qg3 Qc5 27. b4 Qc7 28. Qe3 Rf4 29. f3 Rdf8 30. Rd3 Qf7 31. Red1 Kg6 32. Rd7 Qf6 33. R7d3 g4 34. fxg4 Rxg4+ 35. Kh1 Qf1+ 0-1


[Site "https://www.chess.com"]

[Event "Titled Tuesday Blitz June 20 Late 2023"]
[White "Sanchez, Robert"]
[Black "Gabdushev, Ruslan"]
[WhiteFideId "2034360"]
[BlackFideId "4137833"]
[WhiteElo "2079"]
[BlackElo "2233"]
[Result "0-1"]
[Round "6"]
[TimeControl "180+2"]
[Date "2023.06.20"]
[WhiteClock "0:00:07"]
[BlackClock "0:00:34"]
[Board "125"]

1. Nf3 Nc6 2. e3 e5 3. c4 Nf6 4. Nc3 Bb4 5. Nd5 Be7 6. Nxe7 Qxe7 7. Be2 O-O 8. O-O e4 9. Nd4 Ne5 10. b3 d6 11. Bb2 c5 12. Nb5 Bf5 13. f4 Nd3 14. Bc3 a6 15. Na3 Rab8 16. g4 Bd7 17. g5 Ne8 18. Bg4 f5 19. Bh5 b5 20. cxb5 axb5 21. Rb1 b4 22. Ba1 bxa3 23. Qc2 Nc7 24. Qc3 Nd5 25. Qa5 Ra8 0-1


[Site "https://www.chess.com"]

[Event "Titled Tuesday Blitz June 20 Late 2023"]
[White "Golubev, Mikhail"]
[Black "Omariev, Maksim"]
[WhiteFideId "14100983"]
[BlackFideId "4193423"]
[WhiteElo "2374"]
[BlackElo "2399"]
[Result "0-1"]
[Round "6"]
[TimeControl "180+2"]
[Date "2023.06.20"]
[WhiteClock "0:00:00"]
[BlackClock "0:00:04"]
[Board "126"]

1. e4 c5 2. Nf3 d6 3. d4 cxd4 4. Nxd4 Nf6 5. Nc3 a6 6. Bc4 e6 7. Bb3 b5 8. O-O Be7 9. Qf3 Qc7 10. Qg3 O-O 11. Bh6 Ne8 12. Rad1 Kh8 13. Be3 Nc6 14. f4 Nxd4 15. Bxd4 Bb7 16. f5 e5 17. Nd5 Bxd5 18. Bxd5 Rc8 19. Bc3 Nf6 20. Qd3 Nxd5 21. Qxd5 Kg8 22. Rf2 Rfd8 23. Be1 Bh4 24. g3 Bg5 25. Re2 Qc4 26. Qxc4 Rxc4 27. b3 Rc6 28. Rd5 Rdc8 29. c3 Kf8 30. h4 Bc1 31. Kg2 Ba3 32. Kf3 Bc5 33. Red2 Ke7 34. R2d3 Bb6 35. Rd1 Ba5 36. b4 Bb6 37. R1d3 Ba7 38. g4 Bb8 39. Bd2 Rc4 40. g5 R8c6 41. h5 Ba7 42. Be1 Bb6 43. Bd2 Bc7 44. h6 gxh6 45. gxh6 Bb6 46. Be1 Ba7 47. Bh4+ f6 48. Be1 Bb6 49. Rd1 Ba7 50. Bd2 Kf8 51. Re1 Bb8 52. Re2 Rb6 53. Rg2 Rb7 54. Rg4 Rf7 55. Ke2 Ke7 56. Kd3 Ba7 57. Kc2 Bf2 58. Kb3 Bb6 59. Rd3 Rc7 60. Rdg3 Rc4 61. Rg7 Rxe4 62. Rxf7+ Kxf7 63. Rg7+ Kf8 64. Rxh7 Re2 65. Rb7 Rxd2 66. Rxb6 Rh2 67. Rxd6 Rxh6 68. Rxa6 Kf7 69. Ra7+ Ke8 70. Rb7 Rh5 71. Rxb5 Rxf5 72. a4 Kd7 73. a5 Rf1 74. a6 Ra1 75. Rb6 f5 76. Kb2 Ra4 77. Rf6 f4 78. b5 Ke7 0-1


[Site "https://www.chess.com"]

[Event "Titled Tuesday Blitz June 20 Late 2023"]
[White "Melikhov, Evgeny V."]
[Black "Zaitsev, Alexander"]
[WhiteFideId "4122046"]
[BlackFideId "4164490"]
[WhiteElo "2158"]
[BlackElo "2373"]
[Result "1/2-1/2"]
[Round "6"]
[TimeControl "180+2"]
[Date "2023.06.20"]
[WhiteClock "0:00:08"]
[BlackClock "0:00:24"]
[Board "127"]

1. d4 Nf6 2. c4 e6 3. Nc3 Bb4 4. Qc2 O-O 5. e4 d6 6. e5 dxe5 7. dxe5 Ng4 8. Nf3 Nc6 9. Bf4 Nd4 10. Qd2 f6 11. Qxd4 Qxd4 12. Nxd4 fxe5 13. Be3 exd4 14. Bxd4 e5 15. Be3 Nxe3 16. fxe3 Bc5 17. Bd3 Bxe3 18. Nd5 Bf2+ 19. Kd2 c6 20. Ne7+ Kh8 21. Nxc8 Raxc8 22. Rhf1 g6 23. Kc2 Kg7 24. Rad1 Rc7 25. Be4 Bd4 26. Rxf8 Kxf8 27. Rf1+ Kg7 28. b4 Rd7 29. a4 Rd8 30. b5 cxb5 31. axb5 Rd7 32. Bd5 a6 33. bxa6 bxa6 34. Rf3 a5 35. Ra3 Ra7 36. Ra4 Kf6 37. Kd3 Ke7 38. Ke4 Kd6 39. h4 Kc5 40. g4 Bc3 41. h5 gxh5 42. gxh5 Kd6 43. h6 Bd2 44. c5+ Kxc5 45. Kxe5 Bxh6 46. Be4 Re7+ 47. Kf5 Bd2 48. Bc2 Bb4 49. Ra2 Re2 50. Bb3 Rxa2 51. Bxa2 Kd4 52. Kg5 Bd2+ 53. Kh5 Kc3 54. Be6 h6 55. Kg4 Kd4 56. Kh3 Ke5 57. Bf7 Kf4 58. Bg8 a4 59. Kh2 Kg5 60. Kh1 h5 61. Bf7 h4 62. Be6 a3 63. Bd5 Kf4 64. Bc4 Kg3 65. Bd5 h3 66. Bc4 Be3 67. Bd5 Kf4 68. Bc4 Ke5 69. Bg8 Kd4 70. Bf7 Kc3 71. Bg8 Kd2 72. Bf7 Bf4 73. Bg8 Kc3 74. Bf7 Kd4 75. Bg8 Ke5 76. Bf7 Kf6 77. Ba2 Ke7 78. Bb3 Kd6 79. Ba2 Kc5 80. Bb3 Kd4 81. Bg8 Kc3 82. Bf7 Kb2 83. Bg8 Kc3 1/2-1/2


[Site "https://www.chess.com"]

[Event "Titled Tuesday Blitz June 20 Late 2023"]
[White "Lalanne, Pablo"]
[Black "Uzcategui Rodriguez, Alejandro"]
[WhiteFideId "112151"]
[BlackFideId "3903400"]
[WhiteElo "2120"]
[BlackElo "2252"]
[Result "0-1"]
[Round "6"]
[TimeControl "180+2"]
[Date "2023.06.20"]
[WhiteClock "0:00:07"]
[BlackClock "0:00:14"]
[Board "128"]

1. d4 Nf6 2. c4 d6 3. Nc3 Nbd7 4. e4 e5 5. Nf3 Be7 6. Be2 O-O 7. O-O c6 8. d5 cxd5 9. cxd5 Nc5 10. Nd2 a5 11. f3 Nh5 12. Nc4 f5 13. Be3 b6 14. exf5 Bg5 15. Bf2 Nf4 16. Ne4 Be7 17. g4 g6 18. f6 Rxf6 19. Nxf6+ Bxf6 20. a3 Bh4 21. b4 Bxf2+ 22. Rxf2 Nh3+ 23. Kg2 Nxf2 24. Kxf2 axb4 25. axb4 Rxa1 26. Qxa1 Nb3 27. Qa8 Kg7 28. Nxd6 Qxd6 29. Qxc8 e4 30. fxe4 Qxh2+ 31. Ke1 Qg1+ 32. Bf1 Qe3+ 33. Be2 Nd4 34. Qc4 Nf3+ 35. Kf1 Nd2+ 0-1


[Site "https://www.chess.com"]

[Event "Titled Tuesday Blitz June 20 Late 2023"]
[White "Szyszylo, Rafal"]
[Black "Skaric, Djuro"]
[WhiteFideId "1109626"]
[BlackFideId "934569"]
[WhiteElo "1951"]
[BlackElo "2282"]
[Result "1-0"]
[Round "6"]
[TimeControl "180+2"]
[Date "2023.06.20"]
[WhiteClock "0:00:06"]
[BlackClock "0:00:46"]
[Board "129"]

1. e4 d6 2. d4 g6 3. Nc3 Bg7 4. Be3 Nf6 5. Qd2 Nc6 6. O-O-O a6 7. f3 O-O 8. g4 e5 9. Nge2 b5 10. d5 Na5 11. Ng3 Bb7 12. h4 Qd7 13. h5 Rfc8 14. Bh6 Bh8 15. Qh2 b4 16. Nce2 c6 17. dxc6 Qxc6 18. Ng1 b3 19. axb3 Nxb3+ 20. Kb1 Nd4 21. Bd3 Qd7 22. Bg5 Nxf3 23. Nxf3 Nxg4 24. Qh3 f6 25. hxg6 fxg5 26. gxh7+ Kf8 27. Nxg5 Nf6 28. Qh6+ Ke8 29. Rdf1 Qg7 30. Qxg7 Bxg7 31. h8=Q+ Bxh8 32. Rxh8+ Ke7 33. Nf5+ Kd7 34. Rh6 Ng4 35. Rh7+ Kc6 36. Ne7+ Kb6 37. Nxc8+ Rxc8 38. Rff7 Bc6 39. Ne6 d5 40. exd5 Bxd5 41. Re7 e4 42. Be2 Ne3 43. Nd4 Kc5 44. c3 Nc4 45. Rc7+ Rxc7 46. Rxc7+ Kd6 47. Bxc4 Kxc7 48. Bxd5 e3 49. Bc4 Kb6 50. Kc2 a5 51. Kd3 Kc5 52. Bb3 a4 53. Bxa4 e2 54. Nxe2 Kd5 55. b4 Ke5 56. c4 Kd6 57. b5 Kc7 58. c5 Kb7 59. Kc4 Kc7 60. Kd5 Kb7 61. b6 Kc8 62. c6 Kb8 63. Kd6 Ka8 64. c7 Kb7 65. Bc6+ Kxb6 66. c8=Q Ka5 67. Qb8 Ka6 68. Qb7+ 1-0


[Site "https://www.chess.com"]

[Event "Titled Tuesday Blitz June 20 Late 2023"]
[White "ArchibaldCerveza29"]
[Black "Vaglio Munoz, Jaime"]
[BlackFideId "6500145"]
[WhiteElo "2444"]
[BlackElo "2199"]
[Result "0-1"]
[Round "6"]
[TimeControl "180+2"]
[Date "2023.06.20"]
[WhiteClock "0:00:00"]
[BlackClock "0:00:30"]
[Board "130"]

1. e4 c5 2. c3 Qa5 3. Nf3 a6 4. Be2 Nf6 5. e5 Nd5 6. O-O e6 7. d4 cxd4 8. cxd4 Nc6 9. a3 h6 10. Nbd2 b5 11. Re1 Be7 12. Ne4 Bb7 13. Bd2 Qb6 14. Rc1 Nxd4 15. Bf1 Nc6 16. h4 b4 17. Nd6+ Bxd6 18. exd6 O-O 19. Rc4 a5 20. Bxh6 f6 21. Rg4 Rf7 22. Bc1 Ne5 23. Nxe5 fxe5 24. Qe2 Qxd6 25. Qxe5 Qxe5 26. Rxe5 Rc8 27. Bd2 Rc2 28. Rd4 Rxb2 29. axb4 axb4 30. h5 Rb1 31. Re1 Rb2 32. Bc1 Rc2 33. Bd3 Rc3 34. Bd2 Rc7 35. Bxb4 Nf4 36. Bf1 Rc2 37. Bd6 Nxh5 0-1


[Site "https://www.chess.com"]

[Event "Titled Tuesday Blitz June 20 Late 2023"]
[White "Jiang, Andrew"]
[Black "Kornyukov, Alexey"]
[WhiteFideId "30953510"]
[BlackFideId "4150457"]
[WhiteElo "1883"]
[BlackElo "2352"]
[Result "1-0"]
[Round "6"]
[TimeControl "180+2"]
[Date "2023.06.20"]
[WhiteClock "0:01:02"]
[BlackClock "0:00:00"]
[Board "131"]

1. e4 c5 2. c3 Nf6 3. e5 Nd5 4. Nf3 Nc6 5. Bc4 Nb6 6. Bb3 c4 7. Bc2 Qc7 8. Qe2 g5 9. Nxg5 Qxe5 10. d4 cxd3 11. Bxd3 Qxe2+ 12. Kxe2 h6 13. Nf3 Rg8 14. Rg1 d5 15. a4 Bg4 16. a5 Nc4 17. Bxc4 dxc4 18. Ra4 Ne5 19. Nd2 O-O-O 20. h3 Rxd2+ 21. Kxd2 Bxf3 22. Re1 Bc6 23. Rxe5 Bxa4 24. Rc5+ Bc6 25. g3 Rg5 26. Rxc4 Rxa5 27. b4 Ra2+ 28. Ke3 Bg7 29. b5 Rc2 30. Bd2 Kc7 31. bxc6 bxc6 32. Kd3 Ra2 33. Rg4 Bf6 34. Rg8 a5 35. Bxh6 Rxf2 36. Ra8 Rf3+ 37. Ke2 Rxg3 38. Bf4+ Kb7 39. Rb8+ Ka7 40. Bxg3 Bxc3 41. Rb3 Bd4 42. h4 c5 43. h5 1-0


[Site "https://www.chess.com"]

[Event "Titled Tuesday Blitz June 20 Late 2023"]
[White "Itkis, Boris"]
[Black "Calhoun, Luke"]
[WhiteFideId "1209167"]
[BlackFideId "2064421"]
[WhiteElo "2219"]
[BlackElo "2255"]
[Result "1-0"]
[Round "6"]
[TimeControl "180+2"]
[Date "2023.06.20"]
[WhiteClock "0:01:36"]
[BlackClock "0:00:41"]
[Board "132"]

1. c4 e6 2. Nf3 d5 3. e3 Nf6 4. b3 Be7 5. Bb2 O-O 6. g3 c5 7. Bg2 b6 8. O-O Bb7 9. Nc3 dxc4 10. bxc4 Nc6 11. Qe2 e5 12. Nxe5 Nxe5 13. Bxb7 Rb8 14. Bg2 Nd3 15. Rab1 Nxb2 16. Rxb2 Qd7 17. Nd5 Nxd5 18. Bxd5 Bf6 19. Rbb1 Rfe8 20. f4 Rbd8 21. g4 g6 22. g5 Bg7 23. h4 Qa4 24. f5 Rd7 25. Rf3 Qxa2 26. Rbf1 gxf5 27. Rxf5 Ree7 28. Qf2 Qc2 29. Bxf7+ Kh8 30. Bd5 Rd8 31. h5 Bb2 32. Rf8+ Kg7 33. Qf7+ Rxf7 34. R1xf7# 1-0


[Site "https://www.chess.com"]

[Event "Titled Tuesday Blitz June 20 Late 2023"]
[White "zano2023"]
[Black "Seletsky, Grigory"]
[BlackFideId "14112191"]
[WhiteElo "2194"]
[BlackElo "2491"]
[Result "0-1"]
[Round "6"]
[TimeControl "180+2"]
[Date "2023.06.20"]
[WhiteClock "0:00:22"]
[BlackClock "0:00:44"]
[Board "133"]

1. d4 d6 2. Nf3 Nd7 3. Nbd2 e5 4. c3 g6 5. e4 Bg7 6. Bd3 Ne7 7. O-O O-O 8. Re1 h6 9. Nf1 f5 10. exf5 gxf5 11. dxe5 dxe5 12. Bc4+ Kh7 13. Ng3 e4 14. Nd4 Ne5 15. Be6 c5 16. Bxc8 Qxc8 17. Nb5 Rd8 18. Qh5 Nd3 19. Rd1 Qc6 20. Na3 Qg6 21. Qh3 a6 22. Nh5 Be5 23. Nc4 Bc7 24. b3 b5 25. Ne3 f4 26. Ng4 Ng8 27. Qh4 Rd6 28. Ba3 Rad8 29. Rf1 R8d7 30. c4 b4 31. Bc1 Qg5 32. Qh3 Rf7 33. g3 Rg6 34. f3 exf3 35. Rxf3 Nxc1 36. Rxc1 Qxg4 0-1


[Site "https://www.chess.com"]

[Event "Titled Tuesday Blitz June 20 Late 2023"]
[White "Tarnowska, Aleksandra"]
[Black "Prydun, Andriy"]
[WhiteFideId "1180967"]
[BlackFideId "14145898"]
[WhiteElo "1776"]
[BlackElo "2164"]
[Result "1-0"]
[Round "6"]
[TimeControl "180+2"]
[Date "2023.06.20"]
[WhiteClock "0:01:32"]
[BlackClock "0:00:00"]
[Board "134"]

1. e4 c6 2. d4 d5 3. Nc3 dxe4 4. Nxe4 Nd7 5. Nf3 Ngf6 6. Ng3 Nb6 7. Be3 Bg4 8. h3 Bxf3 9. Qxf3 Qd5 10. Qxd5 cxd5 11. Bb5+ Kd8 12. O-O e6 13. a4 Rb8 14. a5 Nc8 15. Bf4 Bd6 16. Be5 Ke7 17. Rfe1 1-0


[Site "https://www.chess.com"]

[Event "Titled Tuesday Blitz June 20 Late 2023"]
[White "Slavin, Alexey"]
[Black "Torres Dominguez, David"]
[WhiteFideId "24104388"]
[BlackFideId "2220857"]
[WhiteElo "2264"]
[BlackElo "1999"]
[Result "1-0"]
[Round "6"]
[TimeControl "180+2"]
[Date "2023.06.20"]
[WhiteClock "0:00:24"]
[BlackClock "0:00:00"]
[Board "135"]

1. e4 Nc6 2. Nc3 e5 3. Bb5 Nge7 4. Nf3 g6 5. d3 Bg7 6. O-O O-O 7. Ne2 d6 8. Ng3 h6 9. c3 Qe8 10. Ba4 f5 11. exf5 Nxf5 12. Ne4 Qe7 13. Re1 Nh4 14. Bb3+ Kh8 15. Nxh4 Qxh4 16. Ng3 Bd7 17. Re4 Qf6 18. f3 Rae8 19. Bd2 Ne7 20. Re1 d5 21. Qc1 Kh7 22. Bc2 Nf5 23. Rf1 Nh4 24. f4 exf4 25. Bxf4 Qb6+ 26. d4 Bb5 27. Rf2 Rf7 28. Nh5 Ref8 29. Nxg7 Rxg7 30. Bxh6 Rxf2 31. Kxf2 Rf7+ 32. Kg1 Qe6 33. Be3 1-0


[Site "https://www.chess.com"]

[Event "Titled Tuesday Blitz June 20 Late 2023"]
[White "Davidson, Kevin"]
[Black "Howell, David W L"]
[WhiteFideId "2056810"]
[BlackFideId "410608"]
[WhiteElo "2151"]
[BlackElo "2567"]
[Result "0-1"]
[Round "6"]
[TimeControl "180+2"]
[Date "2023.06.20"]
[WhiteClock "0:00:00"]
[BlackClock "0:00:06"]
[Board "136"]

1. e4 c5 2. Nf3 d6 3. d4 cxd4 4. Nxd4 Nf6 5. Nc3 a6 6. h3 e6 7. g4 d5 8. exd5 Nxd5 9. Nde2 Nxc3 10. Qxd8+ Kxd8 11. Nxc3 Bd7 12. Bg2 Bc6 13. Bxc6 Nxc6 14. Be3 Bb4 15. O-O-O+ Kc7 16. Ne4 f6 17. Bc5 b6 18. Bd6+ Bxd6 19. Nxd6 Rad8 20. Nc4 h5 21. f3 hxg4 22. hxg4 Rxd1+ 23. Rxd1 g5 24. a4 Rh3 25. Rd3 b5 26. axb5 axb5 27. Nd6 Kb6 28. Ne4 Ne5 29. Rd6+ Kc7 30. Rxe6 Nc4 31. c3 Rh1+ 32. Kc2 Rh2+ 33. Kd3 Ne5+ 34. Kd4 Nxf3+ 35. Kc5 Rxb2 36. Nxf6 Ra2 37. Re7+ Kd8 38. Rd7+ Kc8 39. Rg7 Ra3 40. Kb4 Ra6 41. Nd5 Rd6 42. Ne7+ Kc7 43. Kxb5 Rd7 44. Kc5 Kb7 45. Rxg5 Nxg5 46. Nd5 Ne6+ 0-1


[Site "https://www.chess.com"]

[Event "Titled Tuesday Blitz June 20 Late 2023"]
[White "Szczepanek, Radoslaw"]
[Black "Francisco_Ferrari"]
[WhiteFideId "1120395"]
[WhiteElo "2161"]
[BlackElo "2246"]
[Result "0-1"]
[Round "6"]
[TimeControl "180+2"]
[Date "2023.06.20"]
[WhiteClock "0:00:18"]
[BlackClock "0:00:13"]
[Board "137"]

1. e4 c6 2. d4 d5 3. f3 dxe4 4. fxe4 e5 5. Nf3 Nd7 6. Bc4 exd4 7. O-O Ngf6 8. Ng5 Ne5 9. Nxf7 Nxf7 10. Bxf7+ Kxf7 11. e5 Be7 12. Qh5+ g6 13. Qh6 Bf5 14. exf6 Bxf6 15. g4 Bxg4 16. Bg5 Bf5 17. Bxf6 Qxf6 18. Nd2 Rhe8 19. Qxh7+ Qg7 20. Qh4 Kg8 21. Rae1 Bxc2 22. Nf3 d3 23. Ng5 d2 24. Qc4+ Kh8 25. Rxe8+ Rxe8 26. Qxc2 Qd4+ 27. Kh1 Re1 28. Nf7+ Kg7 29. Kg2 Qg4+ 30. Kf2 Qe2+ 31. Kg3 Rxf1 32. Ne5 Qxe5+ 33. Kg2 Qe2+ 34. Kg3 Rf3+ 35. Kg4 Rc3+ 0-1


[Site "https://www.chess.com"]

[Event "Titled Tuesday Blitz June 20 Late 2023"]
[White "Palacio,Igor Da Paz"]
[Black "Kielinkei"]
[WhiteFideId "2121140"]
[WhiteElo "2126"]
[BlackElo "2439"]
[Result "0-1"]
[Round "6"]
[TimeControl "180+2"]
[Date "2023.06.20"]
[WhiteClock "0:00:01"]
[BlackClock "0:00:14"]
[Board "138"]

1. e4 c5 2. Nc3 a6 3. g3 b5 4. Bg2 Bb7 5. d3 e6 6. Nf3 Nf6 7. O-O d5 8. exd5 Nxd5 9. Bd2 Be7 10. Re1 O-O 11. Ne4 Nd7 12. a3 N7f6 13. Nfg5 h6 14. Nf3 Qb6 15. Ne5 Rad8 16. Qe2 Ba8 17. Rad1 Qc7 18. Nf3 Bb7 19. Bc1 Qb6 20. h3 a5 21. Kh2 a4 22. Nfd2 Nxe4 23. Nxe4 Nf6 24. Nxf6+ Bxf6 25. Bxb7 Qxb7 26. Qe4 Qxe4 27. dxe4 Bd4 28. Kg2 b4 29. f4 bxa3 30. bxa3 Bc3 31. Rf1 c4 32. Kf3 Rb8 33. Ke2 Rb1 34. Rd7 Ra1 35. Rc7 Ra2 36. Rxc4 Bb2 37. Bxb2 Rxb2 38. Kd3 Rd8+ 39. Kc3 Ra2 40. Rxa4 Rc8+ 41. Kb3 Rcxc2 42. Rb4 Rcb2+ 43. Ka4 Re2 44. Rf3 Rh2 45. h4 Rhc2 46. e5 Rc8 47. Rfb3 Kh7 48. Kb5 Rb8+ 49. Ka4 Ra8+ 50. Kb5 R2xa3 51. Rxa3 Rxa3 52. g4 Rg3 53. g5 Rg4 54. gxh6 Kxh6 55. f5 Rxb4+ 56. Kxb4 exf5 57. Kc5 Kh5 58. Kd6 f4 59. Ke7 Kg6 60. h5+ Kxh5 61. Kxf7 f3 62. e6 f2 63. e7 f1=Q+ 64. Kxg7 Qg2+ 65. Kf8 Qf3+ 66. Kg7 Qg4+ 67. Kf8 Qf5+ 68. Kg7 Qe6 69. Kf8 Qf6+ 70. Ke8 Kg6 71. Kd7 Qf7 72. Kd8 Qd5+ 73. Kc7 Qe6 74. Kd8 Qd6+ 75. Ke8 Kf6 76. Kf8 Qxe7+ 77. Kg8 Qg7# 0-1


[Site "https://www.chess.com"]

[Event "Titled Tuesday Blitz June 20 Late 2023"]
[White "Pein, Jonathan"]
[Black "Barrionuevo, Pablo"]
[WhiteFideId "417092"]
[BlackFideId "110566"]
[WhiteElo "2151"]
[BlackElo "2212"]
[Result "0-1"]
[Round "6"]
[TimeControl "180+2"]
[Date "2023.06.20"]
[WhiteClock "0:00:00"]
[BlackClock "0:01:07"]
[Board "139"]

1. e4 d6 2. b3 Nf6 3. Qe2 g6 4. Bb2 Bg7 5. d4 O-O 6. Nd2 Nc6 7. O-O-O a5 8. a4 e5 9. dxe5 dxe5 10. Nc4 Nd4 11. Qe1 Qe7 12. Ba3 c5 13. Nb6 Rb8 14. Nf3 Bg4 15. Be2 Bxf3 16. Bxf3 Qc7 17. Qxa5 Nd7 18. Nc4 b6 19. Qd2 b5 20. Qa5 Qc6 21. Ne3 bxa4 22. Qxa4 Qb7 23. Qc4 Nb6 24. Qd3 Rfd8 25. Nd5 c4 26. bxc4 Nxd5 27. exd5 Bh6+ 28. Qe3 Bxe3+ 29. fxe3 Nxf3 30. gxf3 Qb1+ 31. Kd2 Qa2 32. Be7 Rd7 33. Bf6 Qxc4 34. e4 Rb2 35. Rc1 Qd4+ 36. Ke2 Qc3 37. Rhd1 Rxc2+ 38. Rxc2 Qxc2+ 39. Rd2 Qc4+ 40. Ke3 Qc5+ 41. Ke2 Qd6 42. Bg5 f6 43. Bh6 Kf7 44. h4 Qa6+ 45. Kf2 Qa5 46. Kg3 Qa1 47. Be3 Qe1+ 48. Bf2 Qxd2 49. h5 Qf4+ 0-1


[Site "https://www.chess.com"]

[Event "Titled Tuesday Blitz June 20 Late 2023"]
[White "FuenfgegenWilly"]
[Black "Kopacz, Grzegorz"]
[BlackFideId "1109880"]
[WhiteElo "2405"]
[BlackElo "2037"]
[Result "1-0"]
[Round "6"]
[TimeControl "180+2"]
[Date "2023.06.20"]
[WhiteClock "0:02:18"]
[BlackClock "0:02:16"]
[Board "140"]

1. e4 c5 2. Nc3 Nc6 3. f4 g6 4. Nf3 Bg7 5. Bb5 Nd4 6. O-O a6 7. Bd3 d6 8. Nxd4 Bxd4+ 9. Kh1 Bd7 10. Ne2 Bg7 11. c3 e6 12. Bc2 Ne7 13. d4 cxd4 14. Nxd4 O-O 15. f5 exf5 16. exf5 d5 17. f6 Nc6 18. fxg7 Kxg7 19. Be3 Ne5 20. Bf4 Nc4 21. b3 Na3 22. Qd2 Nb5 23. Bh6+ Kg8 24. Bxf8 1-0


[Site "https://www.chess.com"]

[Event "Titled Tuesday Blitz June 20 Late 2023"]
[White "Cueto, Jonny"]
[Black "Ladan, Nicholas"]
[WhiteFideId "3300145"]
[BlackFideId "30918855"]
[WhiteElo "2240"]
[BlackElo "2167"]
[Result "0-1"]
[Round "6"]
[TimeControl "180+2"]
[Date "2023.06.20"]
[WhiteClock "0:00:00"]
[BlackClock "0:00:04"]
[Board "141"]

1. d4 b6 2. Bf4 Bb7 3. e3 Nf6 4. h3 c5 5. Nf3 e6 6. Be2 Nc6 7. c3 Be7 8. Nbd2 O-O 9. O-O d6 10. Bh2 Re8 11. a4 Bf8 12. Qb1 h6 13. b4 cxb4 14. cxb4 d5 15. b5 Na5 16. Rc1 Rc8 17. Qb2 Qe7 18. Ne5 Qb4 19. Qxb4 Bxb4 20. Ndf3 Nb3 21. Rxc8 Rxc8 22. Rb1 Rc1+ 23. Rxc1 Nxc1 24. Kf1 Nxe2 25. Kxe2 Ne4 26. Nc6 Bf8 27. Kd3 a6 28. Nfe5 axb5 29. axb5 Nd6 30. Nd8 Bc8 31. Ndc6 Nxb5 32. f4 Nd6 33. g4 Ba6+ 34. Kc2 Bf1 35. Bg3 Bxh3 36. g5 hxg5 37. fxg5 Ne4 38. Be1 Nxg5 39. Bd2 Bf5+ 40. Kc1 f6 41. Nd3 Bxd3 42. Nd8 b5 43. Nb7 b4 44. Na5 Bc4 45. Nc6 b3 46. Kb2 Ne4 47. Be1 g5 48. Nd8 e5 49. Ne6 exd4 50. Nxd4 g4 51. Nf5 Kf7 52. Bh4 Ke6 53. Nd4+ Ke5 54. Be1 g3 55. Bxg3+ Nxg3 56. Nc6+ Ke4 57. Nd4 Bd6 0-1


[Site "https://www.chess.com"]

[Event "Titled Tuesday Blitz June 20 Late 2023"]
[White "Fernandez, Maria Florencia"]
[Black "Thiel, Thomas"]
[WhiteFideId "116459"]
[BlackFideId "4615964"]
[WhiteElo "2074"]
[BlackElo "2202"]
[Result "1-0"]
[Round "6"]
[TimeControl "180+2"]
[Date "2023.06.20"]
[WhiteClock "0:01:04"]
[BlackClock "0:01:21"]
[Board "142"]

1. d4 d5 2. c4 dxc4 3. Nc3 e5 4. e3 exd4 5. exd4 Bb4 6. Bxc4 Ne7 7. Nf3 O-O 8. O-O Nbc6 9. Be3 Bg4 10. h3 Bxf3 11. Qxf3 Nxd4 12. Qxb7 a5 13. Rad1 c5 14. a3 Rb8 15. Qe4 Nec6 16. axb4 axb4 17. Ne2 Re8 18. Qf4 Nxe2+ 19. Bxe2 Qe7 20. Bc4 Ne5 21. b3 h6 22. Rd5 Nxc4 23. Qxc4 1-0


[Site "https://www.chess.com"]

[Event "Titled Tuesday Blitz June 20 Late 2023"]
[White "Gardezi, Arsal"]
[Black "Shapiro, Daniel"]
[WhiteFideId "30949521"]
[BlackFideId "2001780"]
[WhiteElo "1906"]
[BlackElo "2322"]
[Result "1-0"]
[Round "6"]
[TimeControl "180+2"]
[Date "2023.06.20"]
[WhiteClock "0:01:22"]
[BlackClock "0:00:00"]
[Board "143"]

1. Nf3 Nf6 2. g3 d5 3. Bg2 e6 4. d4 b6 5. O-O Be7 6. Bf4 Ba6 7. Re1 O-O 8. c3 Nbd7 9. Nbd2 c5 10. Ne5 Bb7 11. e4 cxd4 12. cxd4 dxe4 13. Nxe4 Nxe4 14. Bxe4 Bxe4 15. Rxe4 Rc8 16. Qa4 Nf6 17. Ree1 Qd5 18. Qxa7 Bd6 19. Qxb6 Rb8 20. Qc6 Rxb2 21. Qxd5 Nxd5 22. Nd3 Rb6 23. Bxd6 Rxd6 24. Nc5 Nb4 25. Red1 Nc2 26. Rac1 Nxd4 27. Kg2 Nf5 28. Rxd6 Nxd6 29. a4 Ra8 30. a5 Kf8 31. a6 Ke7 32. Rb1 Kd8 33. Kf3 Kc7 34. Ke3 Kc6 35. Nb3 Kb6 36. Nd4+ Kc7 37. a7 Rxa7 38. Rc1+ Kd7 39. Nc6 Rc7 40. Ne5+ Kc8 41. Rd1 Kb7 42. Rxd6 1-0


[Site "https://www.chess.com"]

[Event "Titled Tuesday Blitz June 20 Late 2023"]
[White "Prieto Aranguren, Alain"]
[Black "Powell, Paul"]
[WhiteFideId "2268906"]
[BlackFideId "2005840"]
[WhiteElo "2209"]
[BlackElo "2165"]
[Result "1-0"]
[Round "6"]
[TimeControl "180+2"]
[Date "2023.06.20"]
[WhiteClock "0:00:04"]
[BlackClock "0:00:00"]
[Board "144"]

1. e4 c5 2. Nf3 d6 3. Bb5+ Bd7 4. Bxd7+ Nxd7 5. O-O g6 6. c3 Ngf6 7. Re1 Bg7 8. d4 cxd4 9. cxd4 O-O 10. Nc3 Rc8 11. e5 dxe5 12. dxe5 Ng4 13. e6 Nde5 14. exf7+ Rxf7 15. Qxd8+ Rxd8 16. Nxe5 Nxe5 17. Be3 Nc4 18. Rad1 Rxd1 19. Rxd1 Nxb2 20. Rd8+ Rf8 21. Rxf8+ Kxf8 22. Nd5 a6 23. Nf4 Kf7 24. h4 Nc4 25. Bc5 e5 26. Nd5 Ke6 27. Nc3 Bh6 28. h5 Bc1 29. Kf1 b5 30. Ke2 Bb2 31. Kd3 Bxc3 32. Kxc3 Kd5 33. Kb4 Kc6 34. Bf8 Nd2 35. Ka5 Kb7 36. f3 Nc4+ 37. Kb4 Ne3 38. g4 Kc6 39. Kc3 Kd5 40. Kd3 Nc4 41. hxg6 hxg6 42. Be7 Na5 43. Bf8 Nc6 44. Ke3 Nd4 45. Be7 Ne6 46. Kd3 Nf4+ 47. Ke3 Ne6 48. Kd3 Nc7 49. Ke3 Na8 50. Bf8 Nb6 51. Kd3 Nc4 52. Be7 a5 53. Bf8 b4 54. Be7 Nb6 55. Ke3 Na4 56. Kd3 Nc3 57. a3 Nb5 58. axb4 a4 59. Kc2 Kc4 60. Bf6 1-0


[Site "https://www.chess.com"]